 Dungeon Crawl Stone Soup version 0.28-a0-1518-gbe868bca14 (webtiles) character file.

Game seed: 6447961818370090922

5754 SkeletonJelly the Carver (level 10, -10/93 HPs)
             Began as a Pale Draconian Monk on Jan 16, 2022.
             Was a High Priest of Jiyva.
             Mangled by an orc warrior (26 damage)
             ... in a bailey.
             The game lasted 00:19:21 (7223 turns).

SkeletonJelly the Carver (Pale Draconian Monk)      Turns: 7223, Time: 00:19:22

Health: -10/93     AC: 10    Str: 17    XL:     10   Next: 49%
Magic:  10/10      EV: 14    Int: 14    God:    Jiyva [*****.]
Gold:   302        SH:  0    Dex: 15    Spells: 9/9 levels left

rFire   . . .      SeeInvis .   x - +1 scimitar (chaos)
rCold   . . .      Faith    .   (no shield)
rNeg    . . .      Spirit   .   (armour unavailable)
rPois   +          Reflect  .   (helmet restricted)
rElec   .          Harm     .   (no cloak)
rCorr   +          Rampage  .   (no gloves)
Will    .....                   l - +0 pair of boots
Stlth   ++........              (no amulet)
HPRegen 1.69/turn               (no ring)
MPRegen 0.57/turn               (no ring)

@: no status effects
A: breathe steam, AC +7, unfitting armour, cold-blooded, steam resistance,
antennae 1, clever 2, poison resistance, gelatinous body 2, jelly sensing items,
jelly absorbing missiles
a: Breathe Steam, Renounce Religion, Oozemancy, Slimify


You were in a bailey.
You worshipped Jiyva.
Jiyva was extremely pleased with you.
You visited 2 branches of the dungeon, and saw 10 of its levels.
You also visited: Bailey.

You collected 302 gold pieces.

Inventory:

Hand Weapons
 a - a +0 falchion
 m - the +5 hunting sling of Emiuheso {venom, Int+2 Dex+6}
   (You found it on level 4 of the Dungeon)

   Any ammunition fired from it poisons the flesh of those it strikes.
   Int:       It affects your intelligence (+2).
   Dex:       It affects your dexterity (+6).
 q - a +2 short sword of speed
 x - a +1 scimitar of chaos (weapon)
 y - a +0 long sword
Missiles
 g - a throwing net
 j - 6 poisoned darts
 n - 98 stones
Armour
 l - a +0 pair of boots (worn)
Jewellery
 v - a ring of fire
Wands
 p - a wand of paralysis (2)
 s - a wand of flame (21)
Scrolls
 b - a scroll of enchant weapon
 f - 4 scrolls of identify
 i - a scroll of amnesia {unknown}
 r - 3 scrolls of teleportation
Potions
 c - a potion of flight {unknown}
 d - 2 potions of invisibility
 e - a potion of might
 h - a potion of attraction {unknown}
 k - a potion of resistance {unknown}
 o - a potion of brilliance
 t - a potion of heal wounds {unknown}
 u - a potion of curing {unknown}
 z - 2 potions of lignification {unknown}


   Skills:
 + Level 10.1 Fighting
 * Level 12.5 Long Blades
 - Level 4.4 Slings
 - Level 2.6 Dodging
 - Level 1.7 Stealth


You had 9 spell levels left.
You didn't know any spells.
Your spell library contained the following spells:

 Spells                   Type           Power      Damage    Failure   Level
 Ensorcelled Hibernation  Hex/Ice        0%         N/A       41%         2
 Frozen Ramparts          Ice            0%         1d2       65%         3
 Spider Form              Tmut/Pois      0%         N/A       65%         3
 Tukima's Dance           Hex            0%         N/A       65%         3
 Anguish                  Hex/Necr       0%         N/A       96%         4
 Ice Form                 Ice/Tmut       0%         N/A       96%         4
 Summon Ice Beast         Ice/Summ       0%         N/A       96%         4
 Enfeeble                 Hex            0%         N/A       100%        7


Dungeon Overview and Level Annotations

Branches:
Dungeon (9/15)             Temple (1/1) D:5            Lair (0/6) D:8
 Bailey (1/1)
    Orc: D:9-12

Altars:
Cheibriados
Dithmenos
Elyvilon
Fedhas
Gozag
Hepliaklqana
Kikubaaqudgha
Makhleb
Nemelex Xobeh
Okawaru
Qazlal
Ru
Sif Muna
Trog
Uskayaw
Vehumet
Wu Jian
Yredelemnul
Zin
The Shining One
Jiyva

Shops:
D:6 [


Innate Abilities, Weirdness & Mutations

You can breathe blasts of scalding, opaque steam.
Your pale cyan-grey scales are hard. (AC +7)
You cannot fit into any form of body armour.
You are cold-blooded and may be slowed by cold attacks.
You are immune to the effects of steam.
You have a pair of small antennae on your head.
Your mind is very acute. (Int +4)
Your system is resistant to poisons. (rPois)
Your pliable body absorbs attacks. (AC +2, EV +2)
You have a small jelly attached to you that senses nearby items.
You have a small jelly attached to you that may absorb projectiles.


Message History

Things that are here:
a +0 halberd; a +0 scale mail; Health restored: 93 You slice the orc!!
You kill the orc!
Things that are here:
a +0 trident; a +0 scale mail You enter the shallow water.
Moving in this stuff is going to be slow.
You hear a slurping noise.
You hear a slurping noise.
The jelly splits in two!
The orc misses you.
You hear a slurping noise.
Your unstable footing causes you to fumble your attack.
The orc misses you.
Your unstable footing causes you to fumble your attack.
The orc closely misses you.
Your unstable footing causes you to fumble your attack.
The orc splashes around in the water.
Your unstable footing causes you to fumble your attack.
Your unstable footing causes you to fumble your attack.
The orc splashes around in the water.
You hit the orc.
The orc suddenly seems more agile.
You tail-slap the orc, but do no damage.
The orc is severely wounded.
The orc misses you.
You slash the orc!
You kill the orc!
You hear a splash. x2
No target in view!
No target in view!
No target in view!
No target in view!
Jiyva gurgles merrily.
Things that are here:
a +0 halberd; a +0 ring mail
Found a gate leading back out of this place.
You hear a slurping noise.
You swap places.
You hear a slurping noise.
The jelly eats the door!
Found a gate leading back out of this place.
An orc warrior comes into view. It is wielding a +0 glaive.
An orc knight comes into view. It is wielding a +0 glaive.
An orc warrior comes into view. It is wielding a +0 glaive.
An orc warrior comes into view. It is wielding a +0 halberd.
You swap places.
The orc warrior shouts! x3
The orc warrior misses you.
The orc knight roars a battlecry!
The orc warriors go into a battle-frenzy!
The orc warrior closely misses you.
You open the door. The orc warrior misses you.
The orc warrior hits you from afar with a +0 halberd!!
There is an open door, spattered with blood here.
You take 20 damage, and have 73/93 hp.
MASSIVE DAMAGE!!
You regained 2 hp, and now have 75/93 hp.
You regained 2 hp, and now have 77/93 hp.
You open the large door.
Found 57 gold pieces.
You regained 2 hp, and now have 79/93 hp.
The orc warrior barely misses you.
There is a large open door here.
There is a large open door here.
You regained 2 hp, and now have 82/93 hp.
You regained 2 hp, and now have 84/93 hp.
You hear a distant slurping noise.
You see here 14 gold pieces.
You see here 14 gold pieces.
You regained 2 hp, and now have 87/93 hp.
You now have 302 gold pieces (gained 14).
You hear a distant slurping noise.
The orc warrior closely misses you.
You regained 2 hp, and now have 89/93 hp.
The orc warrior closely misses you.
You see here 16 gold pieces.
The orc warrior hits you from afar with a +0 glaive!!
You shudder from the blow and a jelly pops out!
You see here 14 gold pieces.
You take 21 damage, and have 69/93 hp.
MASSIVE DAMAGE!!
You slash the orc warrior! You freeze the orc warrior.
The orc warrior is moderately wounded.
The orc warrior hits you from afar with a +0 glaive!
The orc knight roars a battlecry!
The orc warrior goes into a battle-frenzy!
The orc warrior misses you.
You take 7 damage, and have 62/93 hp.
You slash the orc warrior!
The orc warrior flickers and vanishes!
Deactivating autopickup; reactivate with Ctrl-A.
You hear a distant slurping noise.
You regained 2 hp, and now have 64/93 hp.
You swap places.
You hear a distant slurping noise.
The orc warrior hits you with a +0 glaive!!
You shudder from the blow and a jelly pops out!
Something hits you!!
* * * LOW HITPOINT WARNING * * *
You shudder from the blow and a jelly pops out!
The orc warrior hits you from afar with a +0 glaive!!
You die...

##..≈≈.....≈≈..#
##########..≈≈..###..≈≈..
#..........≈≈..## ##..≈≈.
#.≈≈≈≈≈≈≈≈≈≈..##.∩.##..≈≈
#.≈.J........##.....##...
#.≈.#########.###+#######
#.≈. #.JJ..##......§.
#.≈. ##{J.##..≈≈≈≈≈§§
#.≈≈ ##@##.o≈≈.....≈ #∩.≈
#o#....o.⌠∩⌠.. ##.≈
#o#oo≈§.§.⌠... .J≈
##o#'.§≈≈§....≈ #
#...##.§≈≈≈.≈≈≈ #
#.....##........ .
####### ####+## #### ...
##... ≈≈≈≈≈ #..≈≈


You could see an orc knight (corroded), 2 orc warriors, a friendly acid blob
(summoned) and 2 friendly quicksilver oozes.

Vanquished Creatures
  A two-headed ogre (D:8)
  Psyche (D:8)
  A hornet (D:8)
  An acid dragon (D:9)
  A water moccasin (D:5)
  2 black bears
  6 orc warriors
  A sky beast (D:5)
  3 ice beasts
  4 centaurs
  A phantom (D:7)
  A kobold brigand (D:9)
  5 bullfrogs
  A gnoll sergeant (D:7)
  3 scorpions
  A water moccasin zombie (D:5)
  6 killer bees (D:9)
  4 wights (D:9)
  A centaur zombie (D:9)
  3 howler monkeys (D:7)
  A centaur skeleton (D:6)
  3 orc priests
  2 hounds
  A bullfrog skeleton (D:6)
  Natasha (twice) (D:2)
  7 orc wizards
  2 hound skeletons (D:4)
  4 gnolls (D:7)
  A howler monkey skeleton (D:5)
  3 adders
  An ufetubus (D:7)
  3 worms
  4 dart slugs
  37 orcs
  5 ball pythons
  2 endoplasms (D:1)
  3 giant cockroaches
  11 goblins
  6 hobgoblins
  2 jackals (D:2)
  10 kobolds
  5 quokkas
  9 bats
  2 frilled lizards
  2 rats
175 creatures vanquished.

Vanquished Creatures (collateral kills)
  2 two-headed ogres
  A killer bee zombie (D:8)
3 creatures vanquished.

Vanquished Creatures (others)
  An ice beast (D:6)
  An ogre (D:6)
  A centaur (D:5)
  4 jellies
  A hound (D:5)
  A bullfrog skeleton (D:2)
  An iguana (D:5)
  Natasha (D:2)
  An adder (D:5)
  A white imp (D:5)
  An adder zombie (D:5)
  6 orcs
  An endoplasm (D:4)
  2 giant cockroaches
  A goblin (D:4)
  2 ball pythons (D:2)
  A bat (D:2)
27 creatures vanquished.

Grand Total: 205 creatures vanquished

Notes
Turn   | Place    | Note
-------+----------+-------------------------------------------
     0 | D:1      | SkeletonJelly the Draconian Monk began the quest for the
                  | Orb.
     0 | D:1      | Reached XP level 1. HP: 19/19 MP: 1/1
   480 | D:1      | Reached XP level 2. HP: 26/26 MP: 2/2
   600 | D:1      | Found a faded altar of an unknown god.
   606 | D:1      | Prayed at the altar of an unknown god.
   606 | D:1      | Became a worshipper of Jiyva Jiatsuce the Shapeless
   606 | D:1      | Reached * piety under Jiyva
   606 | D:1      | Reached ** piety under Jiyva
   769 | D:1      | Reached *** piety under Jiyva
   812 | D:1      | Gained mutation: You have acidic saliva. [Jiyva's grace]
   812 | D:1      | Gained mutation: You have a pair of small antennae on your
                  | head. [Jiyva's grace]
   812 | D:1      | Gained mutation: You have a pair of antennae on your head.
                  | [Jiyva's grace]
   812 | D:1      | Gained mutation: You have a pair of large antennae on your
                  | head. (SInv) [Jiyva's grace]
  1311 | D:2      | Noticed Natasha
  1331 | D:2      | Killed Natasha
  1332 | D:2      | Reached skill level 4 in Long Blades
  1332 | D:2      | Reached XP level 3. HP: 15/33 MP: 3/3
  1546 | D:2      | Reached XP level 4. HP: 38/40 MP: 4/4
  1643 | D:2      | Killed Natasha
  1660 | D:2      | Noticed Natasha
  1667 | D:2      | Killed Natasha
  2345 | D:3      | Reached **** piety under Jiyva
  2560 | D:3      | Noticed an ice beast
  2594 | D:3      | Killed an ice beast
  2595 | D:3      | Reached skill level 5 in Long Blades
  2595 | D:3      | Reached XP level 5. HP: 40/47 MP: 5/5
  3290 | D:4      | Noticed a +0 dagger
  3290 | D:4      | Noticed a +0 dagger
  3301 | D:4      | Identified the +5 hunting sling of Emiuheso {venom, Int+2
                  | Dex+6}
  3339 | D:4      | Found a hide-covered altar of Uskayaw.
  3391 | D:4      | Found a white marble altar of Elyvilon.
  3609 | D:4      | Found a sacrificial altar of Ru.
  3644 | D:4      | Reached XP level 6. HP: 53/53 MP: 6/6
  3902 | D:4      | Noticed an ice beast
  3916 | D:4      | Killed an ice beast
  4170 | D:4      | Found an opulent altar of Gozag.
  4170 | D:4      | Found a hazy altar of Hepliaklqana.
  4180 | D:4      | Found a shimmering blue altar of Sif Muna.
  4262 | D:5      | Entered Level 5 of the Dungeon
  4271 | D:5      | Your scales start taking on a pale cyan-grey colour.
  4271 | D:5      | Reached XP level 7. HP: 50/60 MP: 7/7
  4271 | D:5      | Gained mutation: You are immune to the effects of steam.
                  | [Pale Draconian growth]
  4314 | D:5      | Found a staircase to the Ecumenical Temple.
  4333 | D:5      | Reached skill level 5 in Fighting
  4393 | Temple   | Entered the Ecumenical Temple
  4397 | Temple   | Reached skill level 6 in Long Blades
  4570 | D:5      | Lost mutation: You have a pair of large antennae on your
                  | head. (SInv) [Jiyva's grace]
  4570 | D:5      | Lost mutation: You have acidic saliva. [Jiyva's grace]
  4570 | D:5      | Gained mutation: You expend magic power (3 MP) to
                  | strengthen your wands. [Jiyva's grace]
  4570 | D:5      | Gained mutation: Your system is resistant to poisons.
                  | (rPois) [Jiyva's grace]
  4570 | D:5      | Gained mutation: You have a small jelly attached to you
                  | that may absorb projectiles. [Jiyva's grace]
  4570 | D:5      | Gained mutation: You have a small jelly attached to you
                  | that senses nearby items. [Jiyva's grace]
  4580 | D:5      | Found a basalt altar of Yredelemnul.
  4714 | D:5      | Reached ***** piety under Jiyva
  4940 | D:6      | Found Ysmitheu's Antique Armour Shop.
  5096 | D:6      | Noticed a two-headed ogre
  5121 | D:6      | Killed a two-headed ogre
  5122 | D:6      | Reached skill level 8 in Long Blades
  5122 | D:6      | Reached XP level 8. HP: 27/71 MP: 8/8
  5534 | D:7      | Reached skill level 9 in Long Blades
  5562 | D:7      | Reached XP level 9. HP: 70/79 MP: 9/9
  5972 | D:7      | Reached skill level 10 in Long Blades
  6283 | D:8      | Lost mutation: You have a pair of antennae on your head.
                  | [Jiyva's grace]
  6283 | D:8      | Lost mutation: You expend magic power (3 MP) to strengthen
                  | your wands. [Jiyva's grace]
  6283 | D:8      | Gained mutation: Your mind is acute. (Int +2) [Jiyva's
                  | grace]
  6283 | D:8      | Gained mutation: Your mind is very acute. (Int +4) [Jiyva's
                  | grace]
  6283 | D:8      | Gained mutation: Your rubbery body absorbs attacks. (AC +1,
                  | EV +1) [Jiyva's grace]
  6283 | D:8      | Gained mutation: Your pliable body absorbs attacks. (AC +2,
                  | EV +2) [Jiyva's grace]
  6346 | D:8      | Noticed a two-headed ogre
  6353 | D:8      | Killed a two-headed ogre
  6354 | D:8      | Reached skill level 11 in Long Blades
  6418 | D:8      | Noticed Psyche
  6425 | D:8      | Killed Psyche
  6439 | D:8      | Noticed a two-headed ogre
  6447 | D:8      | Killed a two-headed ogre
  6448 | D:8      | Reached XP level 10. HP: 23/91 MP: 10/10
  6512 | D:8      | Found a transporter.
  6512 | D:8      | Found a transporter.
  6687 | D:8      | Found a viscous altar of Jiyva.
  6704 | D:8      | Found a staircase to the Lair.
  6948 | D:9      | Reached skill level 12 in Long Blades
  7040 | D:9      | Found a flagged portal.
  7053 | Bailey   | Entered a bailey
  7066 | Bailey   | Reached skill level 10 in Fighting
  7202 | Bailey   | Noticed an orc knight
  7223 | Bailey   | Mangled by an orc warrior

Illustrated notes

Levels and vault maps discovered:
D:1:      tarquinn_simple_flora_water_f, layout_basic,
          chequers_ecumenical_altar_simple, corexii_item_surrounded_by_moat,
          minmay_misc_feat_cross
D:2:      layout_basic, uniq_natasha
D:3:      layout_basic
D:4:      layout_basic, dancing_weapons_uskayaw, nicolae_overflow_hidden_temple
D:5:      layout_cave_pools, lemuel_crystal_altar, minmay_temple_entry_hall,
          kennysheep_generic_room_16
D:6:      layout_cave_pools, serial_shops, nicolae_stop_n_shop_2
D:7:      layout_loops_ring
D:8:      gammafunk_jiyva_shrine, layout_loops_cross, lair_entry_dummy,
          minmay_misc_feat_iff, minmay_shop_grid_forest, uniq_psyche
D:9:      layout_cross, nicolae_ashenzari_skybound, enter_bailey_3,
          gammafunk_ghost_berserking_beasts, nicolae_water_bricks, minivault_25,
          kennysheep_generic_room_9
Temple:   dshaligram_water_room_temple
Bailey:   bailey_polearm_1, bailey

Skill      XL: |  1  2  3  4  5  6  7  8  9 10 |
---------------+-------------------------------+-----
Fighting       | 4 6 7 9 10 | 10.1
Long Blades    | 4 5 8 9 11 12 | 12.5
Slings         | 2 4 |  4.4
Dodging        | |  2.6
Stealth        | |  1.7

Action                   |  1- 3 |  4- 6 |  7- 9 | 10-12 || total
-------------------------+-------+-------+-------+-------++-------
Melee: Falchion          |   110 |   134 |   150 |       ||   394
       Tailslap          |    13 |    26 |    29 |    13 ||    81
       Bite              |     4 |    16 |     8 |       ||    28
       Punch             |     1 |     1 |     1 |     1 ||     4
       Scimitar          |       |       |    66 |   116 ||   182
 Fire: Hunting sling     |       |    11 |       |       ||    11
Invok: Oozemancy         |     1 |     1 |     1 |     1 ||     4
 Abil: Breathe Steam     |       |       |    15 |     4 ||    19
Evoke: Wand              |       |       |     1 |       ||     1
  Use: Potion            |       |       |     2 |       ||     2
       Scroll            |       |       |     7 |     1 ||     8
 Stab: Sleeping          |     5 |     2 |     2 |     1 ||    10
       Invisible         |       |       |     4 |       ||     4
       Paralysed         |       |       |     2 |       ||     2
Armor: Skin              |    45 |    52 |    77 |    44 ||   218
Dodge: Dodged            |    88 |    78 |   155 |   118 ||   439

Table legend: (Time is in decaauts)
 A = Elapsed time spent in this place.
 B = Non-inter-level travel time spent in this place.
 C = Inter-level travel time spent in this place.
 D = Time resting spent in this place.
 E = Time spent auto-exploring this place.
 F = Levels seen in this place.
 G = Mean time per level.
                   A        B        C        D        E       F      G
               +--------+--------+--------+--------+--------+-----+--------+
         Total |   7223 |   6870 |    353 |    300 |   5130 |  11 |  656.6 |
       Dungeon |   6940 |   6607 |    333 |    300 |   5038 |   9 |  771.1 |
        Temple |    118 |     98 |     20 |      0 |     61 |   1 |  118.0 |
        Bailey |    164 |    164 |      0 |      0 |     31 |   1 |  164.0 |
               +--------+--------+--------+--------+--------+-----+--------+

Top non-repeatable levels by time:
     D:3: 1188 daAuts
     D:1: 1159 daAuts
     D:4: 993 daAuts
     D:2: 953 daAuts
     D:7: 740 daAuts
     D:8: 661 daAuts
     D:5: 562 daAuts
     D:6: 548 daAuts
  Bailey: 164 daAuts
     D:9: 134 daAuts
  Temple: 118 daAuts
